Workbook

Sheet Intro
B3: Introduction
B6: GCoM Climate Risk and Vulnerability Assessments
B7: This tool was created based on the GCoM Climate Risk and Vulnerability Assessment framework. All inputs provided in this tool can be reported for a GCoM-compliant CRVA. The framework consists of two main parts: evaluation of climate hazards and evaluation of factors impacting adaptive capacity. The Metro Washington Region is developing a regional climate action and adaptation plan. This CRVA will be included in the Plan. Data and assessments from local jurisdictions will help to paint a fuller picture of climate risks in the region. In filling out this tool, please be sure to note and explain any reasoning for changes/additions to the climate hazards, impacts, or adaptive capacity factors.
B16: Key
B18: Required Inputs | E18: Cells with light blue backgrounds and blue text are input cells that are REQUIRED
B20: Optional Inputs | E20: Cells with light grey backgrounds and blue, italicized text are input cells that are OPTIONAL
B22: Stakeholder Notes | E22: Cells with light blue backgrounds and orange text are stakeholder notes, changes, and requested additions from WORKSHOP 1
B24: Information | E24: Cells with white backgrounds and black/grey text are fixed cells, calculations, or tool guidance. Do not overwrite these.
E26: The green tab contains an overview of the CRVA inputs.
E28: The light blue tabs are for each identified climate hazard.
E30: The dark blue tab covers adaptive capacity.
E32: The grey tabs are for supplemental information and guidance for the tool.

Sheet Summary
B3: Climate Risk and Vulnerability Assessment
B5: Area/Region
B7: Metro Washington Region
B10: Climate Hazards
B12: Hazard | C12: Probability | D12: Consequence | E12: Risk
B13: Extreme Heat Days | C13: ='Extreme Heat Days'!C17 -> 3 | D13: ='Extreme Heat Days'!C29 -> 3 | E13: =D13*C13 -> 9
B14: Drought | C14: =Drought!C17 -> 2 | D14: =Drought!C29 -> 3 | E14: =D14*C14 -> 6
B15: Flooding (Flash and Riverine) | C15: ='Flooding (Flash and Riverine)'!C17 -> 3 | D15: ='Flooding (Flash and Riverine)'!C29 -> 3 | E15: =D15*C15 -> 9
B16: Lightning/Thunderstorm | C16: =LightningThunderstorm!C17 -> 3 | D16: =LightningThunderstorm!C29 -> 2 | E16: =D16*C16 -> 6
B17: Extreme Winter Conditions | C17: ='Extreme Winter Conditions'!C17 -> 2 | D17: ='Extreme Winter Conditions'!C29 -> 3 | E17: =D17*C17 -> 6
B18: Coastal Flooding | C18: ='Coastal Flooding'!C17 -> 3 | D18: ='Coastal Flooding'!C29 -> 2 | E18: =D18*C18 -> 6
B21: Adaptive Capacity
B23: Factor | C23: Degree of Challenge
B24: ='Adaptive Capacity'!C11 -> Access to Basic Services | C24: ='Adaptive Capacity'!L11 -> Moderate
B25: ='Adaptive Capacity'!C12 -> Access to Healthcare | C25: ='Adaptive Capacity'!L12 -> Moderate
B26: ='Adaptive Capacity'!C13 -> Public Health | C26: ='Adaptive Capacity'!L13 -> Moderate
B27: ='Adaptive Capacity'!C14 -> Housing | C27: ='Adaptive Capacity'!L14 -> Moderate
B28: ='Adaptive Capacity'!C15 -> Poverty | C28: ='Adaptive Capacity'!L15 -> Moderate
B29: ='Adaptive Capacity'!C16 -> Economic Health | C29: ='Adaptive Capacity'!L16 -> Low
B30: ='Adaptive Capacity'!C17 -> Environmental Conditions | C30: ='Adaptive Capacity'!L17 -> Moderate
B31: ='Adaptive Capacity'!C18 -> Infrastructure Conditions / Maintenance | C31: ='Adaptive Capacity'!L18 -> High
B32: ='Adaptive Capacity'!C19 -> Community Engagement | C32: ='Adaptive Capacity'!L19 -> Moderate

Sheet Equity Maps

Sheet Extreme Heat Days
B3: Extreme Heat Days
B5: Description
B6: [OPTIONAL] Description of the climate hazard or its impacts
B7: Conditions of extreme heat are defined as summertime temperatures that are substantially hotter and/or more humid than average for location at that time of year. [1] Heat Wave: A period of abnormally and uncomfortably hot and unusually humid weather. Typically a heat wave lasts two or more days. [16] In metropolitan Washington, the average annual temperature has risen 4°F over the last 100 years and is projected to continue to rise. [8] There are around 30 days above 90°F and 3 days above 100°F on average in the region. Depending on future emissions, there could be as many as 100 days above 90°F and 30 days above 100°F by the late 21st century. [7] The number of extreme heat days will increase and heat waves will last longer and occur more frequently. The number of days where the heat index is >95°F could increase from an average of 30 per year to 75 per year by 2080. [23]
B12: Determining Risk Level
C14: Probability of Hazard
C15: Determine the current probability (likelihood of occurrence) of the hazard based on the options provided (do not know, low, moderate, high).
C16: Probability | E16: GCoM Options
C17: 3 | E17: 3 | F17: High | G17: Extremely likely that the hazard occurs (e.g., greater than 1 in 20 chance of occurrence)
E18: 2 | F18: Moderate | G18: Likely that the hazard occurs (e.g., between 1 in 20 and 1 in 200 chance of occurrence)
E19: 1 | F19: Low | G19: Unlikely that the hazard occurs (e.g., between 1 in 200 and 1 in 2,000 chance of occurrence)
E20: 0 | F20: Do not know | G20: Region has not experienced or observed climate hazards in the past or has no ways of accurately reporting this information based on evidence of data
C22: Description
C26: Consequence of Hazard
C27: Determine the current consequence (outcome/impact/gravity) of the hazard based on the options provided (do not know, low, moderate, high).
C28: Consequence | E28: GCoM Options
C29: 3 | E29: 3 | F29: High | G29: The hazard represents a high (or the highest) level of potential concern for your jurisdiction. When it occurs, the hazard results in (extremely) serious impacts to the jurisdiction and (catastrophic) interruptions to day-to-day life.
E30: 2 | F30: Moderate | G30: The hazard represents a moderate level of potential concern for your jurisdiction. When it occurs, the hazard results in impacts to your jurisdiction, but these are moderately significant to day-to-day life.
E31: 1 | F31: Low | G31: The hazard represents a lower (the lowest) level of potential concern for your jurisdiction. When it occurs, the hazard results in impacts to your jurisdiction, but these are deemed less significant (or insignificant) to day-to-day life.
E32: 0 | F32: Do not know | G32: City has not experienced or observed climate hazards in the past of has no ways of accurately reporting this information based on evidence or data.
C34: Description
C35: Heat is a more of a risk to lives while flooding is more of risk to property. Examples of impacts: - Public health, particularly for vulnerable populations such as children, the elderly, persons with allegeries or chronic illness. - Extreme heat impacts on outdoor workers and athletes. - Pushing back on projects during extremem heat. - Continuity of service - Infrastructure melting and buckling, trains run slower, planes cant take off. - Increase use of energy (air conditioning) - Extreme heat is often tied with blackouts and it may be difficult for vulnerable and rural populations to get to cooling centers. - Power system impacts to infrastructure such as transportation and communications infrastructure. - Impacts to data centers and data driven businesses if power outages to data centers. - Agricultural damage and food security. - Water temperature and water quality; - Ecosystem and biodiveristy effects; - Long-term impacts of vector-borne diseases and impact on trees. Impacts water quality. - Pets and animal shelters can also be impacted. - Tree canopy and types of trees that florish.
C38: Risk Level
C39: A hazard risk level is determined for current and future scenarios. Risk is determined based on the probability and consequence of a particular hazard. [Risk = Probability x Consequence]
C40: Risk
C41: =C29*C17 -> 9
B48: Qualifying Impacts
C50: Past Impacts
C51: Include a description of the impacts experienced in the past including loss of human lives, economic and non-economic losses, environmental and other impacts.
C52: The average national risk of death increases about 2.5 percent for every 1°F increase in the intensity of heat waves, according to one study of 43 American cities from 1987 to 2005. [22] In metropolitan Washington, heat is the number one cause of weather-related injuries and fatalities. Although impacts from heat may go underreported, deaths and injuries (1 death/year, 10 injuries/year) are small compared to other causes of injuries and deaths. [11] In 2012, Washington D.C. experienced a record-breaking heatwave when temperatures soared above 95 degrees F for 11 straight days. This previously unprecedented event could occur every one to two years by the 2050s. [3]
C58: Intensity | I58: Frequency | O58: Timescale
C59: How strong the hazard is | I59: How often the hazard occurs in the region | O59: The timescale by which these changes are expected to occur
C60: Change in Intensity | I60: Change in Frequency | O60: Timescale
C61: Increase | Decrease | No change | Not known | I61: Increase | Decrease | No change | Not known | O61: Immediately | Short Term (by 2025) | Medium Term (by 2050) | Long Term (after 2050) | Not known
C63: Increase | I63: Increase | O63: Immediately
C67: Description | I67: Description | O67: Description
I68: yes, more frequent - global | O68: is happening now
C72: Future Impacts
C73: Select the sectors, assets, or services that are currently most impacted by the hazard and those that will be most impacted in the future. A general assessment of the magnitude of impact for each sector, asset, or service must be included.
C75: Sectors, Assets, and Services | F75: Magnitude of Future Impact Low | Moderate | High | Unknown | L75: Description
C76: Energy | F76: High | L76: Higher temperatures can increase cooling costs and energy demand, although they would also bring a slight decrease in heating costs in winter, and can change the lifetime of roofs and other structural materials [28]
C77: Public Health | F77: High | L77: Increased cases of vector-borne diseases, such as West Nile virus; stronger, more frequent heat waves; increased cases of asthma and exacerbation of chronic respiratory diseases [7] More unhealthy air days (Ozone) from heat events Cardiac disease and the exacerbation of it from heat Longer tick and mosquito season. Increasing insects ability to live in new places (areas they were not before) and be active earlier in the year. Virginia is one of 14 hot spot states for Lyme Disease. In addition, warmer springs will likely encourage an earlier start to Lyme disease season. By the 2060s, the season could begin three weeks earlier in Virginia than it did from 1992 to 2007. [22]
C78: Transport | F78: High | L78: Extreme heat can cause pavement and rail tracks to expand and buckle, which can cause travel delays and faster deterioration. [28] High given reliance on Metro in the region
C79: Information & Communications Technology (ICT) | F79: High | L79: Data centers and telecommunication infrastructure are at risk to extreme heat given their need for power and cooling.
C80: Environment, Biodiversity, and Forestry | F80: Moderate | L80: Migration of plants and animals that may foster invasive species and reduce biodiversity; more frequent and severe wildfires [7] Heat is associated with drought.
C81: Water Supply and Sanitation | F81: Low
C82: Commercial | F82: Low | L82: Loss of productivity when it is hotter may be something that politicians latch on to (economic issues)
C83: Law and Order | F83: High | L83: Rising crime during high heat events
C85: Vulnerable Groups
C86: [OPTIONAL] Determine the population groups in the region that are most vulnerable to the climate hazards and impacts. Vulnerable groups can be matched with each impacted sector or presented as a whole for each hazard.
C88: Vulnerable Groups | J88: Description
C89: Women and Girls | F89: Persons with Chronic Diseases | J89: low-income people and some communities of color are more likely to have existing health disparities that can make them more susceptible to health problems from extreme heat, polluted air, and other effects of climate change. Similarly, older adults are particularly at risk in heat waves for several reasons, including their physiology and the likelihood that they have health problems or are taking medications that further increase their susceptibility to heat heat-related illnesses. Yet in many cases, their socioeconomic conditions, which could include living on a fixed income or living alone, hinder their ability to find a safe, affordable way to keep cool. [28] Women are at risk, particularly for maternal health issues, persons with disabilities may have difficulty getting to cooling centers, unemployed persons are at home and have difficulty paying bills, homeless groups are particularly at risk, outdoor workers, young children and elderly are at risk
C90: Children and Youth | F90: Low-Income Households
C91: Elderly | F91: Unemployed Persons
C92: Indigenous Populations | F92: Persons in Sub-Standard Housing
C93: Marginalized Groups | F93: Other
C94: Persons with Disabilities | F94: Persons with Allergies
C143: Washington DC - Cooling Degree Days
C155: Source: NOAA Climate Explorer [13]

Sheet Coastal Flooding
B3: Coastal Flooding
B5: Description
B6: [OPTIONAL] Description of the climate hazard or its impacts
B7: The Chesapeake Bay has experienced 1 foot of sea level rise over the last century and could experience another 1 – 3 feet of sea level rise by 2100. [11] The Virginia Governor's Commission on Climate Change recommended that at a minimum, Virginia should plan for at least a 2.3 foot rise in sea level. The fill range of sea level rise expected throughout the Chesapeake Bay region is estimated to be between 2.3 - 5.2 feet, with great local variability as a result of subsidence (or land sinking.) [23] By 2080, the U.S. Army Corps of Engineers predicts up to 3.4 feet of additional sea level rise in DC. While this estimate accounts for both ice loss and ocean warming, recent studies have found faster rates of ice loss, which could result in even higher sea levels by the end of the century. DC is also vulnerable to coastal stroms, like hurricanes, that cause storm surge flooding. Climate change can make these storms stronger. More intense storms coupled with rising sea levels puts the District at even greater risk for coastal flooding in the future. [3]
B12: Determining Risk Level
C14: Probability of Hazard
C15: Determine the current probability (likelihood of occurrence) of the hazard based on the options provided (do not know, low, moderate, high).
C16: Probability | E16: GCoM Options
C17: 3 | E17: 3 | F17: High | G17: Extremely likely that the hazard occurs (e.g., greater than 1 in 20 chance of occurrence)
E18: 2 | F18: Moderate | G18: Likely that the hazard occurs (e.g., between 1 in 20 and 1 in 200 chance of occurrence)
E19: 1 | F19: Low | G19: Unlikely that the hazard occurs (e.g., between 1 in 200 and 1 in 2,000 chance of occurrence)
E20: 0 | F20: Do not know | G20: Region has not experienced or observed climate hazards in the past or has no ways of accurately reporting this information based on evidence of data
C22: Description
C23: Hazard includes sea level rise, storm surge and tidal surge
C26: Consequence of Hazard
C27: Determine the current consequence (outcome/impact/gravity) of the hazard based on the options provided (do not know, low, moderate, high).
C28: Consequence | E28: GCoM Options
C29: 2 | E29: 3 | F29: High | G29: The hazard represents a high (or the highest) level of potential concern for your jurisdiction. When it occurs, the hazard results in (extremely) serious impacts to the jurisdiction and (catastrophic) interruptions to day-to-day life.
E30: 2 | F30: Moderate | G30: The hazard represents a moderate level of potential concern for your jurisdiction. When it occurs, the hazard results in impacts to your jurisdiction, but these are moderately significant to day-to-day life.
E31: 1 | F31: Low | G31: The hazard represents a lower (the lowest) level of potential concern for your jurisdiction. When it occurs, the hazard results in impacts to your jurisdiction, but these are deemed less significant (or insignificant) to day-to-day life.
E32: 0 | F32: Do not know | G32: City has not experienced or observed climate hazards in the past of has no ways of accurately reporting this information based on evidence or data.
C34: Description
C35: Limited coverage from a full regional perspective. Overland and riverine flooding higher risk. Regional level - moderate because some areas are not impacted. Can be higher risk in coastal areas where more coastal flooding may occur with more frequent storms.
C38: Risk Level
C39: A hazard risk level is determined for current and future scenarios. Risk is determined based on the probability and consequence of a particular hazard. [Risk = Probability x Consequence]
C40: Risk
C41: =C29*C17 -> 6
B48: Qualifying Impacts
C50: Past Impacts
C51: Include a description of the impacts experienced in the past including loss of human lives, economic and non-economic losses, environmental and other impacts.
C52: In Washington, DC, water levels for the Potomac and Anacostia Rivers, both tidal rivers, have increased 11 inches in the past 90 years due to sea level rise and subsidence. As a result, nuisance flooding along our riverfront has increased by more than 300%, according to the National Oceanic and Atmospheric Administration. [3] In 2003, Hurricane Isabel caused significant storm surge in the region. Ongoing sunny-day flooding in Alexandria.
C58: Intensity | I58: Frequency | O58: Timescale
C59: How strong the hazard is | I59: How often the hazard occurs in the region | O59: The timescale by which these changes are expected to occur
C60: Change in Intensity | I60: Change in Frequency | O60: Timescale
C61: Increase | Decrease | No change | Not known | I61: Increase | Decrease | No change | Not known | O61: Immediately | Short Term (by 2025) | Medium Term (by 2050) | Long Term (after 2050) | Not known
C63: Increase | I63: Increase | O63: Medium Term
C67: Description | I67: Description | O67: Description
C72: Future Impacts
C73: Select the sectors, assets, or services that are currently most impacted by the hazard and those that will be most impacted in the future. A general assessment of the magnitude of impact for each sector, asset, or service must be included.
C75: Sectors, Assets, and Services | F75: Magnitude of Future Impact Low | Moderate | High | Unknown | L75: Description
C76: Water Supply and Sanitation | F76: Moderate | L76: Higher sea levels = increased flooding and shoreline loss, degrade water quality [7] Saltwater contamination of fresh water used for drinking water and irrigation for some smaller communities utilizing water from the Potomac estuary [7] Water utilities all working on resiliency plans and have done a lot of hardening of infrastructure.
C77: Transport | F77: Moderate | L77: As the coastline changes from sea level rise, tunnels, roads, rail lines, and other transportation infrastructure that were not previously in harm’s way will be at greater risk of flooding from storm surges. Maintenance projects could take longer and cost more because workers [28] From coastal risk, metropolitan Washington region faces smaller area of risk.
C78: Residential | F78: Moderate | L78: From coastal risk, our region faces smaller area of risk.
C79: Commercial | F79: Moderate | L79: From coastal risk, our region faces smaller area of risk.
C80: Emergency Services | F80: Low | L80: Public Safety
C81: Tourism | F81: Low | L81: Recreation is a large part of the economy for the region. Small impact compared to the other impacts but cultural and historical impact is high (maintenance, etc.)
C82: Environment, Biodiversity, and Forestry | F82: Moderate | L82: Surface water quality - wetlands becoming open water, contamination from pollution, debris, etc.
C83: Other _________________ | F83: High | L83: Economy. Taxable income - loss of taxable income (increase taxes will upset the loss). Impact in public financing, etc. Potential for major loss of economic development across the local area.
C85: Vulnerable Groups
C86: [OPTIONAL] Determine the population groups in the region that are most vulnerable to the climate hazards and impacts. Vulnerable groups can be matched with each impacted sector or presented as a whole for each hazard.
C88: Vulnerable Groups | J88: Description
C89: Women and Girls | F89: Persons with Chronic Diseases | J89: Communities that live and/or work near the coast Isolated communities (language barriers make it difficult to know what is going on) Communities in proximity to pollution Elderly - hard to get out; first to get scammed
C90: Children and Youth | F90: Low-Income Households
C91: Elderly | F91: Unemployed Persons
C92: Indigenous Populations | F92: Persons in Sub-Standard Housing
C93: Marginalized Groups | F93: Other
C94: Persons with Disabilities | F94: Communities that are isolated (specifically language barriers)
C95: - | F95: Communities in proximity to polluted sites
J115: Variations in Sea Level Rise in Maryland [31]
J130: Median projections of sea-level rise at several tide-gauge locations in the Chesapeake Bay through 2100. Differences are attributable to different rates of vertical motion.

Sheet Flooding (Flash and Riverine)
B3: Flooding (Flash and Riverine)
B5: Description
B6: [OPTIONAL] Description of the climate hazard or its impacts
B7: There are three main types of flood risk in the National Capital Region, including: (1) Overbank flooding, caused by rivers, (2) Tidal flooding, caused by storm surge, and (3) Urban drainage flooding, caused by limited sewer capacity [11] Climate Ready DC indicates that today's one in 100-year precipitation event could become a one in 25-year event by mid-century, and a one in 15-year event by the 2080's. Annual amounts of precipitation have not changed significantly; however, more precipitation is falling in the fall and winter and less in the summer. What is expected to change significantly is the frequency and intensity of heavy precipitation events, from rain to snow, that can cause flooding and pollution from stormwater runoff. [3]
B12: Determining Risk Level
C14: Probability of Hazard
C15: Determine the current probability (likelihood of occurrence) of the hazard based on the options provided (do not know, low, moderate, high).
C16: Probability | E16: GCoM Options
C17: 3 | E17: 3 | F17: High | G17: Extremely likely that the hazard occurs (e.g., greater than 1 in 20 chance of occurrence)
E18: 2 | F18: Moderate | G18: Likely that the hazard occurs (e.g., between 1 in 20 and 1 in 200 chance of occurrence)
E19: 1 | F19: Low | G19: Unlikely that the hazard occurs (e.g., between 1 in 200 and 1 in 2,000 chance of occurrence)
E20: 0 | F20: Do not know | G20: Region has not experienced or observed climate hazards in the past or has no ways of accurately reporting this information based on evidence of data
C22: Description
C23: More intense and extreme because of shorter time between incidences
C26: Consequence of Hazard
C27: Determine the current consequence (outcome/impact/gravity) of the hazard based on the options provided (do not know, low, moderate, high).
C28: Consequence | E28: GCoM Options
C29: 3 | E29: 3 | F29: High | G29: The hazard represents a high (or the highest) level of potential concern for your jurisdiction. When it occurs, the hazard results in (extremely) serious impacts to the jurisdiction and (catastrophic) interruptions to day-to-day life.
E30: 2 | F30: Moderate | G30: The hazard represents a moderate level of potential concern for your jurisdiction. When it occurs, the hazard results in impacts to your jurisdiction, but these are moderately significant to day-to-day life.
E31: 1 | F31: Low | G31: The hazard represents a lower (the lowest) level of potential concern for your jurisdiction. When it occurs, the hazard results in impacts to your jurisdiction, but these are deemed less significant (or insignificant) to day-to-day life.
E32: 0 | F32: Do not know | G32: City has not experienced or observed climate hazards in the past of has no ways of accurately reporting this information based on evidence or data.
C34: Description
C35: Impacts to buildings and health (mold, respiratory issues),, access to emergency services, property value, power and water supply systems.
C38: Risk Level
C39: A hazard risk level is determined for current and future scenarios. Risk is determined based on the probability and consequence of a particular hazard. [Risk = Probability x Consequence]
C40: Risk
C41: =C29*C17 -> 9
B48: Qualifying Impacts
C50: Past Impacts
C51: Include a description of the impacts experienced in the past including loss of human lives, economic and non-economic losses, environmental and other impacts.
C52: Flooding annualized loss estimates for Northern Virginia: $3,912,000 [11] In June of 2006, the District experienced several days of heavy rain, the equivalent of a 200-year storm, which overwhelmed the sewer system and caused significant flooding of the Federal Triangle area downtown. The flooding shut down federal agencies and several Smithsonian museums, inundating the 9th and 12th Street tunnels under the National Mall, and flooding two Metro stations. The Federal Trianle flood, which resulted in millions of dollars in damage, demonstrated the potential costly impacts of increasingly frequent and severe rain events. [3] This 2006 flood event is when it first put resilience needs on the radar in the monumental core. Additional examples of flooding events include: - Flash flooding DC, Maryland, Virginia, July 8, 2019 [2] - Frederick, MD, May 2018, July 2019 - 22 High Tide Flood days in Washington DC, 2018 [26] - Additional past floods [15] Storm sewer overflow and nuisance flooding is an issue in many parts of the region. The rain stops but the nuisance flooding continues.
C58: Intensity | I58: Frequency | O58: Timescale
C59: How strong the hazard is | I59: How often the hazard occurs in the region | O59: The timescale by which these changes are expected to occur
C60: Change in Intensity | I60: Change in Frequency | O60: Timescale
C61: Increase | Decrease | No change | Not known | I61: Increase | Decrease | No change | Not known | O61: Immediately | Short Term (by 2025) | Medium Term (by 2050) | Long Term (after 2050) | Not known
C63: Increase | I63: Increase | O63: Immediately
C67: Description | I67: Description | O67: Description
C72: Future Impacts
C73: Select the sectors, assets, or services that are currently most impacted by the hazard and those that will be most impacted in the future. A general assessment of the magnitude of impact for each sector, asset, or service must be included.
C75: Sectors, Assets, and Services | F75: Magnitude of Future Impact Low | Moderate | High | Unknown | L75: Description
C76: Water Supply and Sanitation | F76: Moderate | L76: Changes in precipitation patterns = heavier rainfall, flooding, increased pollutant runoff, degraded water quality [7]
C77: Environment, Biodiversity, and Forestry | F77: Moderate | L77: Heightened risk of and vulnerability to inundation of wetlands and other low-lying lands; degraded water quality increasing the risk of harmful algal blooms that thrive from runoff, and harming fish and crab populations [7]
C78: Transport | F78: High | L78: Impact emergency sercives and accessibillity, depends on transportation and infrastructure damages, time of day and fatality risks
C79: Public Health | F79: Moderate | L79: Standing water and breathing air, chronic mold on houses previously flooded, combined sewers in DC, vector and communicable diseases
C80: Energy | F80: Moderate | L80: Potential loss of underground generators (loss of services) In DC and elsewhere is underground. Electrical equipment and power stations are in basements leading them to be susceptible to flooding.
C81: Residential | F81: Moderate | L81: Some localized populations are more vulnerable, surface level flooding the impact on populations is mixed
C82: Commercial | F82: Moderate | L82: Large businesses that have a large number of employees
C83: Society / Community and Culture | F83: Moderate | L83: Historic and cultural assets. Many of these buildings are in the flood plain - DC, Frederick, Alexandria, Arlington, etc. Impacts to cultural assets are high because they are irreplacable. Historic buildings are harder to mitigate and recover.
C84: Information & Communications Technology (ICT) | F84: Low | L84: Flooding itself won't knock out infrastructure but perhaps the associated impacts (from a storm) could cause issues.
C86: Vulnerable Groups
C87: [OPTIONAL] Determine the population groups in the region that are most vulnerable to the climate hazards and impacts. Vulnerable groups can be matched with each impacted sector or presented as a whole for each hazard.
C89: Vulnerable Groups | J89: Description
C90: Women and Girls | F90: Persons with Chronic Diseases | J90: The economic inequities that might have compromised their health to begin with can also make it more difficult for them to afford a safe, comfortable home or to evacuate when a flood or other disaster looms. [28] Residents of flood plains, poorly placed buildings Visitors/tourists at risk In addition to sub-standard housing, sub-standard commercial facilities and their workforce
C91: Children and Youth | F91: Low-Income Households
C92: Elderly | F92: Unemployed Persons
C93: Indigenous Populations | F93: Persons in Sub-Standard Housing
C94: Marginalized Groups | F94: Other
C95: Persons with Disabilities
C125: Source: NOAA Climate Explorer [13]

Sheet Drought
B3: Drought
B5: Description
B6: [OPTIONAL] Description of the climate hazard or its impacts
B7: Drought is a condition of moisture deficit sufficient to have an adverse effect on vegetation, wildlife, and people over a sizeable area. [6] According to the US Global Change Research Program, drought areas are expected to expand in the Southeast U.S. due to climate change, but increased precipitation is expected in the Northeast – the metropolitan Washington region straddles the Northeast and Southeast regions. [11]
B12: Determining Risk Level
C14: Probability of Hazard
C15: Determine the current probability (likelihood of occurrence) of the hazard based on the options provided (do not know, low, moderate, high).
C16: Probability | E16: GCoM Options
C17: 2 | E17: 3 | F17: High | G17: Extremely likely that the hazard occurs (e.g., greater than 1 in 20 chance of occurrence)
E18: 2 | F18: Moderate | G18: Likely that the hazard occurs (e.g., between 1 in 20 and 1 in 200 chance of occurrence)
E19: 1 | F19: Low | G19: Unlikely that the hazard occurs (e.g., between 1 in 200 and 1 in 2,000 chance of occurrence)
E20: 0 | F20: Do not know | G20: Region has not experienced or observed climate hazards in the past or has no ways of accurately reporting this information based on evidence of data
C22: Description
C26: Consequence of Hazard
C27: Determine the current consequence (outcome/impact/gravity) of the hazard based on the options provided (do not know, low, moderate, high).
C28: Consequence | E28: GCoM Options
C29: 3 | E29: 3 | F29: High | G29: The hazard represents a high (or the highest) level of potential concern for your jurisdiction. When it occurs, the hazard results in (extremely) serious impacts to the jurisdiction and (catastrophic) interruptions to day-to-day life.
E30: 2 | F30: Moderate | G30: The hazard represents a moderate level of potential concern for your jurisdiction. When it occurs, the hazard results in impacts to your jurisdiction, but these are moderately significant to day-to-day life.
E31: 1 | F31: Low | G31: The hazard represents a lower (the lowest) level of potential concern for your jurisdiction. When it occurs, the hazard results in impacts to your jurisdiction, but these are deemed less significant (or insignificant) to day-to-day life.
E32: 0 | F32: Do not know | G32: City has not experienced or observed climate hazards in the past of has no ways of accurately reporting this information based on evidence or data.
C34: Description
C38: Risk Level
C39: A hazard risk level is determined for current and future scenarios. Risk is determined based on the probability and consequence of a particular hazard. [Risk = Probability x Consequence]
C40: Risk
C41: =C29*C17 -> 6
B48: Qualifying Impacts
C50: Past Impacts
C51: Include a description of the impacts experienced in the past including loss of human lives, economic and non-economic losses, environmental and other impacts.
C52: Although drought accounts for only a small percentage of hazard events in the region, it is the fifth highest cause of natural hazards losses, due to crop damage. [11] Drought annualized loss estimates for Northern Virginia: $2,207,000 [11] Adopted in 2000, MWCOG's water supply and drought response awareness plan is implemented during drought conditions for the purpose of coordinated regional response. Due to unusually dry conditions, COG’s Drought Coordination Committee (DCC) declared a drought ‘WATCH” in September 2010. The WATCH ended when Tropical Storm Nicole hit the region. This was the third time since the regional plan was adopted that the region has declared a WATCH. The DCC has never declared a WARNING or EMERGENCY for the Potomac River system, although in 2002, the combined reservoir storage in Jennings Randolph and Little Seneca briefly dropped to levels approaching the WARNING trigger. Due to sufficient rainfall it was not necessary to implement this stage of the plan. Since 2000, several smaller community water systems have briefly declared WARNING or EMERGENCY stages due to limited rainfall and less resilient water supply systems. [10] The October 1, 2019 U.S. Drought Monitor for the Potomac Watershed indicated that adnornal dryness (D0) and moderate drought (D1) exist throughout the region due to an unusually hot and dry September. Potomac streamflow levels remain above normal and local reservoirs remain full. Most of the regional groundwater wells monitored are near normal levels. Conditions continue to improve and the U.S. Seasonal Outlook indicates drought removal is likely. The regional drought status remains NORMAL. (See map images below). [9]
C58: Intensity | I58: Frequency | O58: Timescale
C59: How strong the hazard is | I59: How often the hazard occurs in the region | O59: The timescale by which these changes are expected to occur
C60: Change in Intensity | I60: Change in Frequency | O60: Timescale
C61: Increase | Decrease | No change | Not known | I61: Increase | Decrease | No change | Not known | O61: Immediately | Short Term (by 2025) | Medium Term (by 2050) | Long Term (after 2050) | Not known
C63: Increase | I63: Increase | O63: Medium Term
C67: Description | I67: Description | O67: Description
C72: Future Impacts
C73: Select the sectors, assets, or services that are currently most impacted by the hazard and those that will be most impacted in the future. A general assessment of the magnitude of impact for each sector, asset, or service must be included.
C75: Sectors, Assets, and Services | F75: Magnitude of Future Impact Low | Moderate | High | Unknown | L75: Description
C76: Water Supply and Sanitation | F76: High | L76: Changes in precipitation patterns = prolonged droughts, degraded water quality [7] Increased demand for water; lower base flows in surface waters and reservoir levels in the summer and fall [7]
C77: Public Health | F77: Moderate
C78: Food and Agriculture | F78: High
C79: Environment, Biodiversity, and Forestry | F79: High
C80: Emergency Services | F80: Moderate
C84: Vulnerable Groups
C85: [OPTIONAL] Determine the population groups in the region that are most vulnerable to the climate hazards and impacts. Vulnerable groups can be matched with each impacted sector or presented as a whole for each hazard.
C87: Vulnerable Groups | J87: Description
C88: Women and Girls | F88: Persons with Chronic Diseases
C89: Children and Youth | F89: Low-Income Households
C90: Elderly | F90: Unemployed Persons
C91: Indigenous Populations | F91: Persons in Sub-Standard Housing
C92: Marginalized Groups | F92: Other
C93: Persons with Disabilities

Sheet LightningThunderstorm
B3: Lightning / Thunderstorm
B5: Description
B6: [OPTIONAL] Description of the climate hazard or its impacts
B7: A thunderstorm is a storm with lightning. They may be isolated, grouped together in clusters, or organized in lines. Thunder is the sound caused by a nearby flash of lightning and can be heard for a distance of only about 10 miles from the lightning strike. Thunder is created when lightning passes through the air. The lightning discharge heats the air rapidly and causes it to expand. Other associated dangers of thunderstorms include tornadoes, strong winds, hail, and flash flooding. [19, 21] Lightning occurs more frequently when it is hotter than when it is colder, but how much more lightning should we expect as global temperatures increase? Currently there are around 25 million lightning strikes per year. Romps et al. contructed a proxy based on the energy available to make air rise in the atmosphere and on precipitation rates to model the frequency of lightning strikes across the continental United States. They predict that the number of lightning strikes will increase by about 12% for every degree of rise in global average air temperature. [27] The National Climate Assessment recognizes that extreme rainfall events have increased in frequency and intensity in the Southeast and will continue to increase. In the Northeast United States, trends show an increase in rainfall intensity and further increases are expected with increases in precipitation during the winter and spring. [30] In another national study on significent severe thunderstorms using a regional climate model, findings show the central and eastern United States can expect a few more days per month with conditions favorable to severe thunderstorm occurence in a doubled CO2 climate. [24] Climate Ready DC's climate projections show the frequency and intensity of extreme precipitation events are projected to increase from 10 days per year with 1 inch of rain in a 24 hour period to 11 days in the 2020s and 12 days by 2050. The number of days per year with more than 2 inches of rainfall per 24-hour period is expected to increase from 1 day to 3 days by the 2020s and 3.5 days by the 2050s. [3]
B12: Determining Risk Level
C14: Probability of Hazard
C15: Determine the current probability (likelihood of occurrence) of the hazard based on the options provided (do not know, low, moderate, high).
C16: Probability | E16: GCoM Options
C17: 3 | E17: 3 | F17: High | G17: Extremely likely that the hazard occurs (e.g., greater than 1 in 20 chance of occurrence)
E18: 2 | F18: Moderate | G18: Likely that the hazard occurs (e.g., between 1 in 20 and 1 in 200 chance of occurrence)
E19: 1 | F19: Low | G19: Unlikely that the hazard occurs (e.g., between 1 in 200 and 1 in 2,000 chance of occurrence)
E20: 0 | F20: Do not know | G20: Region has not experienced or observed climate hazards in the past or has no ways of accurately reporting this information based on evidence of data
C22: Description
C23: This hazard is linked to other extreme events and risks such as flooding, heat (Derecho, 2012), and even winter storms (such as Carmaggedon, 2011 winter storm).
C26: Consequence of Hazard
C27: Determine the current consequence (outcome/impact/gravity) of the hazard based on the options provided (do not know, low, moderate, high).
C28: Consequence | E28: GCoM Options
C29: 2 | E29: 3 | F29: High | G29: The hazard represents a high (or the highest) level of potential concern for your jurisdiction. When it occurs, the hazard results in (extremely) serious impacts to the jurisdiction and (catastrophic) interruptions to day-to-day life.
E30: 2 | F30: Moderate | G30: The hazard represents a moderate level of potential concern for your jurisdiction. When it occurs, the hazard results in impacts to your jurisdiction, but these are moderately significant to day-to-day life.
E31: 1 | F31: Low | G31: The hazard represents a lower (the lowest) level of potential concern for your jurisdiction. When it occurs, the hazard results in impacts to your jurisdiction, but these are deemed less significant (or insignificant) to day-to-day life.
E32: 0 | F32: Do not know | G32: City has not experienced or observed climate hazards in the past of has no ways of accurately reporting this information based on evidence or data.
C34: Description
C38: Risk Level
C39: A hazard risk level is determined for current and future scenarios. Risk is determined based on the probability and consequence of a particular hazard. [Risk = Probability x Consequence]
C40: Risk
C41: =C29*C17 -> 6
B48: Qualifying Impacts
C50: Past Impacts
C51: Include a description of the impacts experienced in the past including loss of human lives, economic and non-economic losses, environmental and other impacts.
C52: Hurricanes, thunderstorms, lightning, hail, wind, and tornadoes combined costs the region over $14 million in damage annually [11] Severe thunderstorms annualized loss estimates for Northern Virginia: $1,110,000 [11] Examples: 1. June 2016 Thunderstorm resulted in Cleveland Park Metro being closed for 2 hours. [29] 2. Hurricane Sandy caused tropical storm/gale conditions in the Mid-Atlantic. [18] 3. 2012 Derecho Northern Virginia experienced 9-1-1 outages and damage to wireless communication infrastructure "The greatest service losses occurred in northern Virginia as the result of backup power failures in Verizon’s Arlington and Fairfax central offices. Even where wireless networks remained operational, many wireless customers still could not reach 9-1-1 or complete calls to landlines because of coverage or congestion problems in wireless access networks and disruptions across the public switch telephone network." [25] Large 911 Outages Northern VA 1.5 million people were impacted, roughly 68,000 people in DC without power. [14] WSSC had 1 water filtration plant and a pumping station loose power and water restriction were put in place. [5] 4. Tropical Storm Lee, September 2011, caused significant rainfall in short periods of time and flash flooding. [17]
C58: Intensity | I58: Frequency | O58: Timescale
C59: How strong the hazard is | I59: How often the hazard occurs in the region | O59: The timescale by which these changes are expected to occur
C60: Change in Intensity | I60: Change in Frequency | O60: Timescale
C61: Increase | Decrease | No change | Not known | I61: Increase | Decrease | No change | Not known | O61: Immediately | Short Term (by 2025) | Medium Term (by 2050) | Long Term (after 2050) | Not known
C63: Increase | I63: Increase | O63: Short Term
C67: Description | I67: Description | O67: Description
C72: Future Impacts
C73: Select the sectors, assets, or services that are currently most impacted by the hazard and those that will be most impacted in the future. A general assessment of the magnitude of impact for each sector, asset, or service must be included.
C75: Sectors, Assets, and Services | F75: Magnitude of Future Impact Low | Moderate | High | Unknown | L75: Description
C76: Energy | F76: Moderate | L76: Power outages [11] (the 2012 Derecho). Vulnerable population impacts from power outages.
C77: Food and Agriculture | F77: Low | L77: Prolonged outages reduce productivity, can cause food spoilage costs for businesses and homeowners [11]This has a low future impact because it is unlikely that power outages will have a significant impact on food and agriculture.
C78: Public Health | F78: Moderate | L78: Prolonged outages ... can compromise health for susceptible populations during a heat wave or for those needing the support of electronic medical equipment. [11] This could have moderate future impact, especially with regard to vulnerable groups (e.g., the elderly and those with chronic diseases). Those who may have medication that needs to be refrigerated are at risk.
C79: Water Supply and Sanitation | F79: Moderate | L79: More intense rainfall can damage or overwhelm water infrastructure, potentially increasing the amount and/or frequency of sanitary sewer overflows and combined sewer overflows overflows [28].
C80: Transport | F80: Moderate | L80: Mobility can be impacted by extreme rainfall events or downed trees, etc. Power outages may impact an increasing EV fleet. Travel disruption (downed trees, power outages), change in infrastructure maintenance needs
C81: Emergency Services | F81: Low | L81: Storms may impact emergency services responding to fires or downed power lines, etc. Wireline communication infrastructure impacts.
C82: Commercial | F82: Low | L82: This is tied with energy services. With power outages there will be interruptions to business operations. This disruption could have economic impacts.
C84: Vulnerable Groups
C85: [OPTIONAL] Determine the population groups in the region that are most vulnerable to the climate hazards and impacts. Vulnerable groups can be matched with each impacted sector or presented as a whole for each hazard.
C87: Vulnerable Groups | J87: Description
C88: Women and Girls | F88: Persons with Chronic Diseases | J88: The elderly and persons with chronic diseases were identified with special emphasis due to possible medical conditions that could be impacted by power outages. Additionally, the region's homeless population needs consideration during these types of hazards, as they are vulnerable.
C89: Children and Youth | F89: Low-Income Households
C90: Elderly | F90: Unemployed Persons
C91: Indigenous Populations | F91: Persons in Sub-Standard Housing
C92: Marginalized Groups | F92: Other
C93: Persons with Disabilities

Sheet Extreme Winter Conditions
B3: Extreme Winter Conditions
B5: Description
B6: [OPTIONAL] Description of the climate hazard or its impacts
B7: A winter storm is a combination of heavy snow, blowing snow and/or dangerous wind chills. A winter storm is life-threatening. Blizzards are dangerous winter storms that are a combination of blowing snow and wind resulting in very low visibilities. While heavy snowfalls and severe cold often accompany blizzards, they are not required. Sometimes strong winds pick up snow that has already fallen, creating a ground blizzard. An ice storm is a storm which results in the accumulation of at least .25” of ice on exposed surfaces. They create hazardous driving and walking conditions. Tree branches and powerlines can easily snap under the weight of the ice. [20] In metropolitan Washington, winter weather may cause increased costs if heavy precipitation falls on a day when the temperature is below freezing. [11] Winter conditions, like mixed precipitation and ice, can be problematic in the region. Temperature extremes in the region may occur in either direction in the winter and there may be variability year-to-year. In Washington D.C., annual amounts of precipitation have not changed significantly; however, more precipitation is falling in the fall and winter and less in the summer. What is expected to change significantly is the frequency and intensity of heavy precipitation events, from rain to snow, that can cause flooding and pollution from stormwater runoff. [3]
B12: Determining Risk Level
C14: Probability of Hazard
C15: Determine the current probability (likelihood of occurrence) of the hazard based on the options provided (do not know, low, moderate, high).
C16: Probability | E16: GCoM Options
C17: 2 | E17: 3 | F17: High | G17: Extremely likely that the hazard occurs (e.g., greater than 1 in 20 chance of occurrence)
E18: 2 | F18: Moderate | G18: Likely that the hazard occurs (e.g., between 1 in 20 and 1 in 200 chance of occurrence)
E19: 1 | F19: Low | G19: Unlikely that the hazard occurs (e.g., between 1 in 200 and 1 in 2,000 chance of occurrence)
E20: 0 | F20: Do not know | G20: Region has not experienced or observed climate hazards in the past or has no ways of accurately reporting this information based on evidence of data
C22: Description
C23: Probability may vary year to year.
C26: Consequence of Hazard
C27: Determine the current consequence (outcome/impact/gravity) of the hazard based on the options provided (do not know, low, moderate, high).
C28: Consequence | E28: GCoM Options
C29: 3 | E29: 3 | F29: High | G29: The hazard represents a high (or the highest) level of potential concern for your jurisdiction. When it occurs, the hazard results in (extremely) serious impacts to the jurisdiction and (catastrophic) interruptions to day-to-day life.
E30: 2 | F30: Moderate | G30: The hazard represents a moderate level of potential concern for your jurisdiction. When it occurs, the hazard results in impacts to your jurisdiction, but these are moderately significant to day-to-day life.
E31: 1 | F31: Low | G31: The hazard represents a lower (the lowest) level of potential concern for your jurisdiction. When it occurs, the hazard results in impacts to your jurisdiction, but these are deemed less significant (or insignificant) to day-to-day life.
E32: 0 | F32: Do not know | G32: City has not experienced or observed climate hazards in the past of has no ways of accurately reporting this information based on evidence or data.
C34: Description
C35: These events pose a real risk to human health and life.
C38: Risk Level
C39: A hazard risk level is determined for current and future scenarios. Risk is determined based on the probability and consequence of a particular hazard. [Risk = Probability x Consequence]
C40: Risk
C41: =C29*C17 -> 6
B48: Qualifying Impacts
C50: Past Impacts
C51: Include a description of the impacts experienced in the past including loss of human lives, economic and non-economic losses, environmental and other impacts.
C52: Winter storms can cripple the region, have significant economic impacts and result in loss of lives. Examples of recent winter storms include 2009 Snowpocalypse, 2010 Snowmaggedden, 2011 Carmaggedon, and 2016 Snowzilla. Roadway accidents and fatalities likely to coincide with extreme conditions. Hypothermia among homeless and low access to home heating. Power outages impact ability to maintain home heating. Winter storms annualized loss estimates for Northern Virginia: $109,000 [11]
C58: Intensity | I58: Frequency | O58: Timescale
C59: How strong the hazard is | I59: How often the hazard occurs in the region | O59: The timescale by which these changes are expected to occur
C60: Change in Intensity | I60: Change in Frequency | O60: Timescale
C61: Increase | Decrease | No change | Not known | I61: Increase | Decrease | No change | Not known | O61: Immediately | Short Term (by 2025) | Medium Term (by 2050) | Long Term (after 2050) | Not known
C63: Increase | I63: Increase | O63: Immediately
C67: Description | I67: Description | O67: Description
C68: Clear changes in intensity are already observable | I68: The frequency of very extreme events have clearly increased | O68: Impacts are already happening.
C72: Future Impacts
C73: Select the sectors, assets, or services that are currently most impacted by the hazard and those that will be most impacted in the future. A general assessment of the magnitude of impact for each sector, asset, or service must be included.
C75: Sectors, Assets, and Services | F75: Magnitude of Future Impact Low | Moderate | High | Unknown | L75: Description
C76: Transport | F76: High | L76: Change in infrastructure maintenance, possible increased road surface damage, frequent travel disruptions, road closures, disruptions due to snow on rail tracks,
C77: Waste Management | F77: Medium
C78: Public Health | F78: Medium | L78: carbon monoxide poisoning, vehicle accidents, hypothermia,disruption to transportation systems that impact emergency response and recovery efforts, power outages to homes with vulnerable populations (individuals who depend on electricity and battery dependent assistive technology and medical devices)
C79: Energy | F79: High | L79: Power outages likely, trees falling on power transmission lines
C84: Vulnerable Groups
C85: [OPTIONAL] Determine the population groups in the region that are most vulnerable to the climate hazards and impacts. Vulnerable groups can be matched with each impacted sector or presented as a whole for each hazard.
C87: Vulnerable Groups | J87: Description
C88: Women and Girls | F88: Persons with Chronic Diseases | J88: Persons with chronic conditions, such as dialysis patients, that need daily access to services will be impacted. Children dependent on school food programs and elderly dependent on food programs like meals on wheels will be impacted.
C89: Children and Youth | F89: Low-Income Households
C90: Elderly | F90: Unemployed Persons
C91: Indigenous Populations | F91: Persons in Sub-Standard Housing
C92: Marginalized Groups | F92: Other
C93: Persons with Disabilities
B97: Washington DC - Number of days per year the temperature dips below 32 degrees F
B113: Washington DC - Heating Degree Days
C125: Source: NOAA Climate Explorer [13]

Sheet Adaptive Capacity
B3: Adaptive Capacity
B5: Determining Adaptive Capacity of the Region
C7: Adaptive Capacity
C8: Determine the degree in which the region is able to adapt to climate change. Select factors that will affect the region's adaptive capcity and influence climate resilience efforts by hindering the climate change adaptation actions within the reigional jurisdiction.
C10: Factor Select from dropdown | E10: Effect on Adaptive Capacity | L10: Degree of Challenge High | Moderate | Low | No Change/Do Not Know
C11: Access to Basic Services | E11: Transportation and power disruptions [1] | L11: Moderate
C12: Access to Healthcare | E12: Transportation and power disruptions [1] | L12: Moderate
C13: Public Health | E13: Increased health impacts due to heat, vector-borne diseases, severe events, and flooding; water quality and air quality issues [1] | L13: Moderate
C14: Housing | E14: Aging building stock in areas vulnerable to leaking, wind damage, or high cooling costs [1] | L14: Moderate
C15: Poverty | E15: Localized poverty [1] | L15: Moderate
C16: Economic Health | E16: Damage to property, power outages, changing heating and cooling demands/costs, etc. [1] | L16: Low
C17: Environmental Conditions | E17: Impact on street trees, ecosystems, crops, invasive species, damage to natural and landscaped areas [1] | L17: Moderate
C18: Infrastructure Conditions / Maintenance | E18: Aging transportation, water utility, and energy utility infrastructure that already incur sizeable maintenance costs [1] | L18: High
C19: Community Engagement | L19: Moderate
C20: Safety and Security

Sheet Sources
B3: Sources
B5: 1 | C5: CDC. (2017). Extreme Heat.
C6: https://www.cdc.gov/disasters/extremeheat/heat_guide.html
B7: 2 | C7: CITYLAB. (2019). D.C.'s 'Historic' Flash Flood May Soon Be Normal.
C8: https://www.citylab.com/environment/2019/07/dc-flooding-extreme-weather-climate-change-rainfall-record/593551/
B9: 3 | C9: DOEE. (2016). Climate Ready DC.
C10: https://doee.dc.gov/climateready
B11: 4 | C11: MWCOG, NASA, NCPC, GCRP, GSA. (2014). Building a Climate Resilient National Capital Region.
C12: https://www.mwcog.org/documents/2014/09/24/building-a-climate-resilient-national-capital-region/
B13: 5 | C13: MWCOG. (2012). Extreme Weather Events Workshop.
C14: https://www.mwcog.org/events/2012/12/17/extreme-weather-events-workshop/
B15: 6 | C15: MWCOG. (2000). Metropolitan Washington Water Supply and Drought Awareness Response Plan: Potomac River System.
C16: https://www.mwcog.org/documents/2000/6/20/metropolitan-washington-water-supply-and-drought-awareness-response-plan-potomac-river-system/
B17: 7 | C17: MWCOG. (2008). National Capital Region Climate Change Report.
C18: https://www.mwcog.org/documents/2008/11/12/national-capital-region-climate-change-report-climate-change/
B19: 8 | C19: MWCOG. (2017). Regional Climate and Energy Action Plan.
C20: https://www.mwcog.org/documents/2017/03/23/regional-climate-and-energy-action-plan-climate--energy-climate-change-energy/
B21: 9 | C21: MWCOG. (2019). Regional Drought and Water Supply Status.
C22: https://www.mwcog.org/documents/2019/11/01/regional-drought-and-water-supply-status--drinking-water-drought-wise-water-use-campaign/
B23: 10 | C23: MWCOG. (2019). Regional Water Supply and Drought Awareness Response Plan Overview.
C24: www.mwcog.org/drought
B25: 11 | C25: MWCOG. (2013). Summary of Potential Climate Change Impacts, Vulnerabilities and Adaptation Strategies.
C26: https://www.mwcog.org/documents/2013/07/01/summary-of-potential-climate-change-impacts-vulnerabilities-and-adaptation-strategies-climate-change/
B27: 12 | C27: NASA. (2012). Washington Metro Area Climate Information Handout.
C28: https://www.mwcog.org/documents/2016/3/2/nasa-washington-metro-area-climate-information-handout-climate-change/
B29: 13 | C29: NOAA. (2018). Climate Explorer.
C30: https://toolkit.climate.gov/tools/climate-explorer
B31: 14 | C31: NOAA. (2012). Derecho Windstorm Event presentation.
C32: https://emergency.baltimorecity.gov/sites/default/files/nws%20lepc%20derecho%20panel.pdf
B33: 15 | C33: NOAA. Flooding in Washington D.C.
C34: https://www.weather.gov/safety/flood-states-dc
B35: 16 | C35: NOAA. (2009). Heat Wave.
C36: https://w1.weather.gov/glossary/index.php?word=heat+wave
B37: 17 | C37: NOAA. Heavy Rainfall from the Remnants of Tropical Storm Lee.
C38: https://www.weather.gov/lwx/events_20110905_lee
B39: 18 | C39: NOAA. (2019). Hurricane Sandy presentation.
C40: https://www.nhc.noaa.gov/outreach/presentations/Sandy2012.pdf
B41: 19 | C41: NOAA. Severe Weather 101: Thunderstorms.
C42: https://www.nssl.noaa.gov/education/svrwx101/thunderstorms/
B43: 20 | C43: NOAA. Severe Weather 101: Types of Winter Weather.
C44: https://www.nssl.noaa.gov/education/svrwx101/winter/types/
B45: 21 | C45: NOAA. Understanding Lightning: Thunder.
C46: https://www.weather.gov/safety/lightning-science-thunder
B47: 22 | C47: NRDC. (2018). Climate Change and Health in Virginia.
C48: https://www.nrdc.org/sites/default/files/climate-change-health-impacts-virginia-ib.pdf
B49: 23 | C49: NVRC. (2018). Resilient Critical Infrastructure: A Roadmap for Northern Virginia.
C50: https://www.novaregion.org/DocumentCenter/View/11933/Resilient-Roadmap-Final-PDF
B51: 24 | C51: Oceanic Engineering Society. (2011). Will a Warmer World be Stormier?
C52: https://earthzine.org/will-a-warmer-world-be-stormier/
B53: 25 | C53: Public Safety and Homeland Security Bureau and Federal Communications Commission. (2013). Impact of the June 2012 Derecho on Communications Networks and Services Report and Recommendations.
C54: https://docs.fcc.gov/public/attachments/DOC-318331A1.pdf
B55: 26 | C55: Resilient Virginia Conference. (2019). Resilience Progress: Virginia and the Region Panel.
C56: https://resilientvirginia.org/events/2019-resilient-virginia-conference
B57: 27 | C57: Romps, Seeley, Vollaro, Molinari. (2014). Projected increase in lightning strikes in the United States due to global warming.
C58: https://science.sciencemag.org/content/346/6211/851.editor-summary
B59: 28 | C59: U. S. EPA. (2013). Using Smart Growth Strategies to Create More Resilient Communities in the Washington, D.C., Region.
C60: https://www.epa.gov/sites/production/files/2014-06/documents/mwcog-guidebook-final-508-111313.pdf
B61: 29 | C61: U. S. EPA. (2016). What Climate Change means for the District.
C62: https://19january2017snapshot.epa.gov/sites/production/files/2016-11/documents/climate-change-dc.pdf
B63: 30 | C63: U.S. GCRP. (2018). National Climate Assessment.
C64: https://nca2018.globalchange.gov/
B65: 31 | C65: University of Maryland Center for Environmental Science. (2018). Sea-level Projections for Maryland.
C66: https://www.umces.edu/sea-level-rise-projections

Sheet Dropdowns
B3: Sectors, Assets, and Services | D3: Adaptive Capacity Factors
B4: Transport | D4: Access to Basic Services
B5: Energy | D5: Access to Healthcare
B6: Information & Communications Technology (ICT) | D6: Access to Education
B7: Water Supply and Sanitation | D7: Public Health
B8: Waste Management | D8: Cost of Living
B9: Public Health | D9: Housing
B10: Law and Order | D10: Poverty
B11: Emergency Services | D11: Inequality
B12: Land Use Planning | D12: Unemployment
B13: Education | D13: Migration
B14: Food and Agriculture | D14: Economic Health
... B21: Other _________________ | D21: Land Use Planning
D22: Access to Quality / Relevant Data
D23: Community Engagement
D24: Rapid Urbanization
D25: Resource Availability
D26: Environmental Conditions
D27: Infrastructure Conditions / Maintenance
D28: Infrastructure Capacity
D29: Other ___________________
